Map: Dusk Towers

Players

Miszu - Winner!

  • Race: Terran Terran
  • League: Master

Khyira

  • Race: Terran Terran
  • League: Grandmaster

VOD

Have the link to the VOD?

Description

Time

  • Played on: March 22, 2016, 5:17 p.m.
  • Length: 10:44
Show
View Real Time Build Order
Export as new Build Order

Miszu Terran - Winner!

Build Orders: 1/1/1, Banshee Rush 

Get SALT Encoding   

  12  0:01  SCV  
  13  0:13  SCV  
  14  0:18  Supply Depot  
  14  0:25  SCV  
  15  0:30  Refinery  
  15  0:39  SCV  
  16  0:45  Barracks  
  16  0:51  SCV  
  16  0:54  Refinery  
  17  1:04  SCV  
  18  1:16  SCV  
  19  1:32  Factory  
  19  1:34  Reaper  
  19  1:36  Orbital Command  
  20  1:48  Supply Depot  
  20  2:01  SCV  
  20  2:06  Reaper  
  22  2:13  SCV  
  23  2:17  Hellion  
  23  2:18  Starport  
  25  2:26  SCV  
  26  2:31  Supply Depot  
  26  2:38  SCV  
  26  2:39  Factory Tech Lab  
  26  2:40  Marine  
  28  2:50  SCV  
  29  3:02  SCV  
  30  3:13  Cloaking Field, Banshee  
  33  3:24  SCV  
  34  3:28  Barracks Reactor  
  34  3:30  Command Center  
  34  3:36  SCV  
  35  3:45  Factory Tech Lab  
  35  3:50  SCV  
  36  3:56  Banshee  
  39  4:06  Supply Depot  
  39  4:22  Command Center  
  39  4:28  SCV  
  40  4:33  Marine  
  40  4:34  Siege Tank  
  44  4:40  SCV  
  45  4:48  SCV  
  46  4:53  SCV  
  47  5:01  Barracks  
  47  5:02  Barracks  
  47  5:12  SCV  
  47  5:13  Orbital Command  
  48  5:22  Engineering Bay  
  48  5:24  SCV  
  48  5:25  Marine x2  
  48  5:26  Engineering Bay  
  47  5:35  Orbital Command  
  47  5:37  Siege Tank  
  50  5:46  SCV  
  50  5:49  SCV  
  52  5:50  Marine x2  
  52  5:51  Barracks Tech Lab x2  
  54  5:58  SCV  
  54  6:02  Viking  
  57  6:08  Marine x2, SCV x2  
  58  6:14  Marine  
  58  6:18  Marine  
  57  6:19  Combat Shields  
  57  6:31  Marine  
  58  6:33  SCV x3  
  58  6:34  Barracks  
  58  6:35  Marine, Barracks  
  58  6:38  Barracks Reactor  
  62  6:42  Siege Tank  
  62  6:43  Barracks  
  64  6:57  Marine  
  64  6:58  Marine  
  64  7:00  SCV x2  
  64  7:01  Terran Infantry Weapons Level 1, Terran Infantry Armor Level 1  
  68  7:03  Refinery  
  68  7:04  Supply Depot, Refinery, Medivac  
  68  7:05  Supply Depot  
  71  7:12  SCV x2  
  71  7:13  Orbital Command  
  71  7:15  Marine x2, Siege Tank, Stimpack  
  76  7:19  Supply Depot  
  77  7:25  Marine x2, SCV x2  
  81  7:31  Barracks Reactor, Missile Turret  
  81  7:33  Marine x2, Missile Turret  
  81  7:35  Missile Turret  
  81  7:36  Missile Turret  
  83  7:37  Missile Turret  
  84  7:46  Barracks Reactor, Missile Turret  
  84  7:47  Medivac x2  
  87  7:58  Marine  
  76  8:08  SCV x3  
  79  8:14  Marine x2  
  79  8:15  Marine x2, Siege Tank  
  79  8:16  Armory  
  86  8:20  Medivac, SCV x3  
  91  8:32  SCV x3  
  90  8:44  SCV x3  
  90  8:48  Siege Tank  
  90  8:54  Marine x5  
  90  8:55  Medivac  
  97  8:56  SCV  
  101  9:04  SCV x2  
  101  9:08  Supply Depot x2  
  101  9:09  Supply Depot  
  101  9:10  Supply Depot, Missile Turret  
  100  9:26  Marine  
  100  9:29  Marine x2  
  100  9:30  Siege Tank  
  106  9:31  Refinery  
  106  9:32  Refinery  
  106  9:39  Marine x5  
  106  9:44  Marine  
  112  9:47  Marine x2  
  112  9:50  Supply Depot, SCV  
  112  9:51  Supply Depot  
  115  9:57  Marine x2  
  115  9:58  Marauder, SCV x2  
  120  10:02  SCV  
  121  10:10  SCV x2  
  114  10:24  Marine x8  
Show
View Real Time Build Order
Export as new Build Order

Khyira Terran 

Build Orders: MMM Bio 

Get SALT Encoding   

  12  0:01  SCV  
  13  0:13  SCV  
  14  0:18  Supply Depot  
  14  0:25  SCV  
  15  0:40  SCV  
  16  0:44  Barracks  
  16  0:49  Refinery  
  16  0:52  SCV  
  18  1:04  SCV  
  18  1:16  SCV  
  20  1:34  Orbital Command  
  20  1:35  Barracks Reactor  
  19  1:40  Command Center  
  19  1:50  Supply Depot  
  19  1:52  Refinery  
  19  2:01  SCV  
  20  2:11  Reaper x2  
  20  2:13  SCV  
  23  2:26  SCV  
  23  2:32  Supply Depot  
  23  2:38  SCV  
  23  2:41  Factory  
  24  2:44  Marine  
  24  2:45  Marine  
  24  2:51  SCV  
  27  2:54  Orbital Command  
  27  3:03  SCV  
  28  3:05  Marine  
  28  3:06  Marine  
  30  3:18  SCV  
  31  3:20  SCV  
  31  3:26  Starport, Factory Tech Lab  
  32  3:27  Marine  
  32  3:28  Marine  
  32  3:33  SCV  
  32  3:34  SCV  
  36  3:37  Engineering Bay  
  36  3:45  SCV  
  36  3:46  SCV  
  38  4:03  Marine x2  
  38  4:04  Viking, Cyclone  
  38  4:05  SCV x2  
  47  4:12  Missile Turret x2  
  47  4:30  Supply Depot  
  47  4:31  SCV x2  
  49  4:39  Barracks Tech Lab  
  49  4:43  SCV x2  
  51  4:49  Siege Tank  
  51  4:51  Liberator  
  54  4:55  SCV  
  54  4:57  SCV  
  56  5:07  Marine  
  56  5:08  Viking, SCV  
  62  5:15  Supply Depot  
  62  5:17  SCV  
  62  5:20  Supply Depot, Refinery, SCV  
  64  5:21  Stimpack  
  64  5:28  Missile Turret  
  64  5:29  SCV  
  64  5:32  SCV  
  65  5:41  SCV  
  66  5:43  Marine, Siege Tank  
  66  5:44  SCV  
  66  5:45  Barracks x2  
  69  5:53  SCV  
  69  5:56  SCV  
  71  6:01  Supply Depot, Terran Infantry Weapons Level 1  
  71  6:04  Supply Depot  
  68  6:05  SCV  
  68  6:08  SCV  
  70  6:12  Marine  
  70  6:13  Medivac  
  70  6:14  Barracks  
  70  6:18  SCV  
  74  6:20  SCV  
  74  6:24  Refinery  
  74  6:30  Marine, Siege Tank, SCV  
  74  6:32  SCV  
  80  6:42  SCV  
  80  6:43  Supply Depot  
  80  6:44  SCV  
  82  6:50  Command Center  
  82  6:53  Marine  
  75  6:54  Medivac  
  75  6:55  Medivac  
  75  6:59  SCV x2  
  79  7:11  Marine  
  79  7:13  Marine x3  
  79  7:14  Siege Tank  
  86  7:21  SCV x2  
  88  7:26  Medivac, Missile Turret  
  88  7:29  Marine  
  91  7:33  Barracks Reactor, SCV x2  
  91  7:35  Combat Shields  
  93  7:39  Supply Depot  
  93  7:40  Barracks  
  93  7:45  SCV x2  
  93  7:50  Marine  
  98  7:51  Medivac  
  98  7:52  Barracks Reactor  
  98  7:55  Terran Infantry Armor Level 1  
  98  7:57  SCV x2  
  94  8:05  Marine  
  94  8:09  SCV x2  
  94  8:10  Marine x3  
  94  8:11  Medivac, Siege Tank  
  94  8:12  Orbital Command  
  101  8:18  Refinery  
  101  8:21  SCV  
  101  8:22  Refinery, SCV  
  101  8:23  Marine  
  104  8:28  Barracks Reactor  
  104  8:31  Command Center  
  104  8:33  SCV  
  101  8:34  SCV  
  102  8:48  SCV x2  
  98  8:52  Supply Depot  
  98  8:54  Supply Depot  
  95  8:56  Supply Depot, Factory, Barracks  
  95  8:59  Marine x6, Barracks  
  95  9:00  Siege Tank, Armory  
  95  9:01  Engineering Bay, Medivac  
  106  9:04  Medivac  
  107  9:13  Marine x2  
  107  9:16  Marine  
  110  9:17  Marine x2  
  110  9:20  Barracks  
  110  9:21  Barracks Reactor, Marine  
  113  9:30  SCV x2  
  115  9:32  Missile Turret  
  115  9:35  Sensor Tower, Missile Turret  
  113  9:39  Marine  
  113  9:40  Marine x6  
  113  9:41  Siege Tank, Factory Tech Lab  
  113  9:42  Medivac  
  125  9:45  Planetary Fortress  
  125  9:47  Marine x2  
  127  9:57  Marine x3  
  127  9:58  Marine x3  
  128  10:11  Marine  
  128  10:12  Marine x5  
  113  10:15  Marine x3  
  113  10:16  Marine x3  
Tags
 
Composition
MMM Bio
Matchup
TvT
Opening
1/1/1
Race
Terran
Strategy
Banshee Rush
Add a new tag
Caveats
  • Supply blocks, unpowered buildings, or Contaminate may cause inaccurate times.
  • Supply counts are checked every 10 seconds.